cohdb
Replays
Latest Replays
All Replays
Popular Replays
Top Player Replays
Match Explorer
How It Works
Community
CoH3 Stats
Reddit
Sign in to upload your games and track your stats! →
Sign in with Steam
Match 39196059
Unlisted
Match 39196059
Overview
Messages
Build Orders
End
Construct Barracks
Scout Squad
Riflemen Squad
Riflemen Squad
Grenade Package
Selects Advanced Infantry Battlegroup
Infantry Support Center
Riflemen Squad
Construct Medical Station
Selects Convert to Ranger Squad
Convert to Ranger Squad
Construct Motor Pool
Selects Frontline Medical Station
Convert to Ranger Squad
Engineer Squad
M1 Anti-tank Gun Team
Convert to Ranger Squad
Advanced Logistics
Selects Ranger Weapon Training
Frontline Medical Station
Survival Training
Selects Artillery Observers
M1 Anti-tank Gun Team
M24 Chaffee Light Tank
Selects M2A1 105mm Howitzer Emplacement
Artillery Observer Squad
Construct Tank Depot
Selects 155mm Rapid Artillery Barrage
Microsoft Outlook
deadsadbadmad
Necon
Daoeme
0
0
Comments
sign in to comment!
No comments posted yet!